 Dungeon Crawl Stone Soup version 0.30-a0-953-g5f1da4a474 (webtiles) character file.

Game seed: 4558972955979589505

8620 bobo the Fighter (level 11, 0/99 HPs)
             Began as a Green Draconian Venom Mage on Mar 27, 2023.
             Was a Believer of Wu Jian.
             Killed by the air
             ... invoked by Gastronok
              (30 damage)
             ... on level 1 of the Lair of Beasts on Mar 28, 2023.
             The game lasted 00:46:28 (11966 turns).

bobo the Fighter (Green Draconian Venom Mage)      Turns: 11966, Time: 00:46:30

Health: 0/99       AC: 12    Str: 13    XL:     11   Next: 12%
Magic:  8/17       EV: 15    Int: 17    God:    Wu Jian [**....]
Gold:   698        SH:  0    Dex: 12    Spells: 2/18 levels left

rFire   + . .      SeeInvis .      - Unarmed
rCold   . . .      Faith    .    (no shield)
rNeg    . . .      Spirit   .    (body armour unavailable)
rPois   +          Reflect  .    (helmet restricted)
rElec   .          Rampage  .    v - +0 cloak
rCorr   +                        (no gloves)
Will    .....                    (no boots)
Stlth   ++                       o - amulet of regeneration
HPRegen 1.16/turn                e - ring "Emehuip" {rF+ rCorr}
MPRegen 0.15/turn                B - +4 ring of protection

@: no status effects
A: breathe noxious fumes, AC +7, unfitting armour, poison resistance,
cold-blooded
a: Breathe Noxious Fumes, Renounce Religion, Wall Jump


You were on level 1 of the Lair of Beasts.
You worshipped Wu Jian.
Wu Jian was pleased with you.
You visited 3 branches of the dungeon, and saw 13 of its levels.
You also visited: Sewer.

You collected 698 gold pieces.

Inventory:

Missiles
 z - 2 throwing nets
Armour
 v - a +0 cloak (worn)
Jewellery
 e - the ring "Emehuip" (left hand) {rF+ rCorr}
   (You found it on level 4 of the Dungeon)

   [ring of resist corrosion]

   rF:        It protects you from fire.
   rCorr:     It protects you from acid and corrosion.
 o - an amulet of regeneration (around neck)
 q - a ring of magical power
 B - a +4 ring of protection (right hand)
 C - a ring of protection from cold
Wands
 p - a wand of iceblast (17)
 u - a wand of acid (2)
Scrolls
 a - a scroll of silence {unknown}
 b - 3 scrolls of fog {unknown}
 c - a scroll of blinking
 d - 7 scrolls of fear
 g - a scroll of amnesia {unknown}
 k - 2 scrolls of magic mapping
 m - 2 scrolls of enchant weapon {unknown}
 n - 6 scrolls of teleportation
 r - 2 scrolls of enchant armour {unknown}
 y - a scroll of immolation {unknown}
Potions
 f - 4 potions of mutation
 h - 2 potions of lignification
 i - 9 potions of curing
 j - a potion of brilliance
 s - 3 potions of ambrosia
 t - a potion of attraction {unknown}
 w - 2 potions of heal wounds
 x - a potion of might
 A - a potion of cancellation {unknown}
 D - a potion of magic


   Skills:
 + Level 9.7 Fighting
 + Level 7.7 Dodging
 - Level 1.7 Stealth
 + Level 8.8 Unarmed Combat
 - Level 4.0 Spellcasting
 - Level 3.0 Conjurations
 - Level 4.0 Transmutations
 - Level 3.0 Air Magic
 - Level 7.0 Poison Magic


You had 2 spell levels left.
You knew the following spells:

 Your Spells              Type           Power      Damage    Failure   Level
a - Sting                 Tmut/Pois      88%        1d7       1%          1
c - Mephitic Cloud        Conj/Pois/Air  18%        N/A       8%          3
q - Olgreb's Toxic Radia  Pois           27%        N/A       9%          4
r - Swiftness             Air            13%        N/A       14%         3
s - Poisonous Vapours     Pois/Air       40%        N/A       3%          2
x - Beastly Appendage     Tmut           34%        N/A       3%          1
z - Wereblood             Tmut           17%        N/A       4%          2

Your spell library contained the following spells:

 Spells                   Type           Power      Damage    Failure   Level
 Passwall                 Tmut/Erth      8%         N/A       11%         2
 Momentum Strike          Conj/Tloc      16%        3d8       13%         2
 Summon Small Mammal      Summ           12%        N/A       16%         1
 Blink                    Tloc           6%         N/A       24%         2
 Ensorcelled Hibernation  Hex/Ice        6%         N/A       24%         2
 Lesser Beckoning         Tloc           6%         N/A       24%         2
 Spider Form              Tmut/Pois      22%        N/A       4%          3
 Call Canine Familiar     Summ           3%         N/A       43%         3
 Inner Flame              Hex/Fire       3%         N/A       43%         3
 Summon Guardian Golem    Hex/Summ       3%         N/A       43%         3
 Flame Wave               Conj/Fire      8%         2d5       63%         4
 Sticky Flame             Conj/Fire      8%         2d3       63%         4
 Yara's Violent Unravell  Hex/Tmut       5%         3d4       88%         5
 Enfeeble                 Hex            1%         N/A       100%        7


Dungeon Overview and Level Annotations

Branches:
Dungeon (11/15)            Temple (1/1) D:7            Lair (1/5) D:10
    Orc (0/2) D:10          Sewer (visited)

Altars:
Ashenzari
Cheibriados
Dithmenos
Elyvilon
Fedhas
Gozag
Hepliaklqana
Kikubaaqudgha
Makhleb
Nemelex Xobeh
Okawaru
Qazlal
Ru
Sif Muna
Trog
Uskayaw
Vehumet
Wu Jian
Xom
Yredelemnul
Zin
The Shining One

Shops:
D:6 (

Annotations:
D:5 1 runed translucent door, Lysca's ghost, amateur NaIE
D:8 1 transporter, 1 runed translucent door, Jeffwins's ghost, novice HuWn
Lair:1 Gastronok


Innate Abilities, Weirdness & Mutations

You can breathe blasts of noxious fumes.
Your lurid green scales are hard. (AC +7)
You cannot fit into any form of body armour.
Your system is resistant to poisons. (rPois)
You are cold-blooded and may be slowed by cold attacks.


Message History

Gastronok bites you!! The quokka barely misses you.
Okay, then.
The quokka attacks as you move away! The quokka barely misses you.
Aiming: Wall Jump
Press: ? - help, Dir - move target, p - Gastronok You repeatedly attack Gastronok from above.
You hit Gastronok but do no damage. You tail-slap Gastronok.
Gastronok is heavily wounded.
You hit Gastronok.
Gastronok is heavily wounded.
The quokka misses you. Gastronok bites you!
You see here a komodo dragon corpse.
Casting: Sting (safe; 1% risk of failure)
Confirm with . or Enter, or press ? or * to list all spells.
Aiming: Poisonous Vapours (safe; 3% risk of failure)
Press: ? - help, Dir - move target, f - Gastronok
Aim: Gastronok, wearing the +3 hat of Pondering {ponderous, Will+ MP+10 Int+5} (heavily wounded, very poisoned) Poisonous vapours surround Gastronok!
Gastronok looks as sick as possible!
The quokka misses you. Gastronok bites you!
The quokka bites you but does no damage.
You punch Gastronok!
You tail-slap Gastronok, but do no damage.
You punch Gastronok, but do no damage.
Gastronok is severely wounded.
The quokka misses you.
You hit Gastronok but do no damage.
You tail-slap Gastronok, but do no damage.
Gastronok is severely wounded.
Gastronok bites you!
* * * LOW HITPOINT WARNING * * *
You spin and attack the quokka.
You hit the quokka.
The quokka is moderately wounded.
The quokka barely misses you. The quokka closely misses you.
You spin and attack the quokka.
You barely miss the quokka.
The quokka is lightly wounded.
You have got your breath back.
The quokka barely misses you.
Gastronok waves his eye-stalks in wide circles.
The air twists around and strikes you!!
You die...

.. ##.## P.P#
##.##
####...#
#####P#.##'##
.......<.w..#
........r†[.#
.......@....#
............#
.......≈....#
.......≈....+
.....>.≈.~..#
.......≈....#
#.##.#P≈...##
## ####≈..##


You could see Gastronok (very poisoned) and a quokka (summoned).

Vanquished Creatures
  A boulder beetle (D:11)
  Psyche (D:8)
  2 komodo dragons
  3 trolls
  3 wyverns
  8 yaks
  A shadow (D:9)
  Eustachio (D:4)
  A steam dragon (D:9)
  An acid dragon (D:11)
  Duvessa (D:4)
  An ice beast (D:5)
  Pargi (Sewer)
  3 orc warriors
  5 black bears
  3 ogres
  A sky beast (D:7)
  4 centaurs
  A phantom (D:5)
  A kobold brigand (D:9)
  7 bullfrogs
  3 scorpions
  16 wights
  Dowan (D:4)
  5 howler monkeys
  2 hounds
  3 jellies
  7 orc priests
  A gnoll bouda (D:9)
  2 iguanas (D:4)
  3 sleepcaps (D:5)
  8 orc wizards
  Robin (D:4)
  7 gnolls
  9 adders
  2 white imps
  An ufetubus (D:6)
  A worm (D:3)
  2 dart slugs
  34 orcs
  9 ball pythons
  4 endoplasms
  6 giant cockroaches
  12 goblins
  9 hobgoblins
  2 jackals (D:2)
  6 quokkas
  2 bats
  5 frilled lizards
  16 kobolds
  5 rats
234 creatures vanquished.

Vanquished Creatures (others)
  6 fungi
  12 plants
18 creatures vanquished.

Grand Total: 252 creatures vanquished

Notes
Turn   | Place    | Note
-------+----------+-------------------------------------------
     0 | D:1      | bobo the Draconian Venom Mage began the quest for the Orb.
     0 | D:1      | Reached XP level 1. HP: 14/14 MP: 3/3
   232 | D:1      | Reached skill level 1 in Fighting
   232 | D:1      | Reached skill level 1 in Unarmed Combat
   308 | D:1      | Reached XP level 2. HP: 23/23 MP: 3/5
  1352 | D:2      | Reached skill level 2 in Fighting
  1419 | D:2      | Reached XP level 3. HP: 23/29 MP: 1/6
  1505 | D:2      | Learned a level 2 spell: Poisonous Vapours
  1509 | D:2      | Learned a level 3 spell: Mephitic Cloud
  2020 | D:3      | Reached XP level 4. HP: 27/36 MP: 0/7
  2215 | D:3      | Reached skill level 1 in Air Magic
  2663 | D:3      | Reached skill level 1 in Conjurations
  3011 | D:4      | Found a glowing drain.
  3026 | Sewer    | Entered a sewer
  3237 | Sewer    | Noticed Pargi
  3244 | Sewer    | Killed Pargi
  3245 | Sewer    | Reached XP level 5. HP: 41/41 MP: 0/9
  3327 | D:4      | Noticed a black bear
  3339 | D:4      | Killed a black bear
  3340 | D:4      | Reached XP level 6. HP: 47/48 MP: 3/10
  3345 | D:4      | Learned a level 4 spell: Olgreb's Toxic Radiance
  3448 | D:4      | Found a white marble altar of Elyvilon.
  3448 | D:4      | Found a shadowy altar of Dithmenos.
  3766 | D:4      | Identified the ring "Emehuip" {rF+ rCorr}
  4308 | D:4      | Noticed Robin
  4322 | D:4      | Killed Robin
  4461 | D:4      | Noticed Eustachio
  4463 | D:4      | Your scales start taking on a lurid green colour.
  4463 | D:4      | Reached skill level 5 in Poison Magic
  4463 | D:4      | Reached XP level 7. HP: 36/55 MP: 4/12
  4463 | D:4      | Gained mutation: Your system is resistant to poisons.
                  | (rPois) [Green Draconian growth]
  4482 | D:4      | Killed Eustachio
  4593 | D:4      | Noticed Duvessa
  4593 | D:4      | Noticed Dowan
  4602 | D:4      | Killed Duvessa
  4603 | D:4      | Reached skill level 3 in Fighting
  4603 | D:4      | Killed Dowan
  4767 | D:5      | Entered Level 5 of the Dungeon
  4767 | D:5      | Found a runed translucent door.
  4953 | D:5      | Reached XP level 8. HP: 62/66 MP: 9/14
  5360 | D:5      | Reached skill level 4 in Fighting
  5906 | D:5      | Noticed Lysca's ghost (amateur NaIE)
  5927 | D:5      | Reached skill level 5 in Fighting
  6556 | D:6      | Reached skill level 5 in Unarmed Combat
  6979 | D:6      | Found Oprum's Antique Weapon Emporium.
  7370 | D:7      | Reached skill level 6 in Fighting
  7370 | D:7      | Reached XP level 9. HP: 75/75 MP: 12/15
  7460 | D:7      | Learned a level 1 spell: Beastly Appendage
  7464 | D:7      | Learned a level 3 spell: Swiftness
  7467 | D:7      | Learned a level 2 spell: Wereblood
  7588 | D:7      | Found a staircase to the Ecumenical Temple.
  7603 | Temple   | Entered the Ecumenical Temple
  7603 | Temple   | Found a transporter.
  7603 | Temple   | Found a transporter.
  7671 | Temple   | Found a transporter.
  7671 | Temple   | Found a transporter.
  8070 | D:7      | Reached skill level 5 in Dodging
  8139 | D:7      | Found an opulent altar of Gozag.
  8422 | D:8      | Found a transporter.
  8464 | D:8      | Found an ornate altar of the Wu Jian Council.
  8471 | D:8      | Became a worshipper of the Wu Jian Council
  8555 | D:8      | Noticed Psyche
  8570 | D:8      | Killed Psyche
  8571 | D:8      | Reached skill level 7 in Fighting
  8648 | D:8      | Upgraded the game from 0.30-a0-949-g53dc5368d7 to
                  | 0.30-a0-953-g5f1da4a474
  8946 | D:8      | Found a transporter.
  9141 | D:8      | Found a runed translucent door.
  9144 | D:8      | Noticed Jeffwins's ghost (novice HuWn)
  9145 | D:8      | Identified the +8 trident of the Magic Mushroom {flame, rC+
                  | Str+3}
  9339 | D:9      | Identified the +5 hand axe of Discretion {flame, rF-
                  | Will++}
  9483 | D:9      | Reached XP level 10. HP: 77/83 MP: 16/16
  9501 | D:9      | Reached * piety under Wu Jian
  9502 | D:9      | Reached skill level 8 in Fighting
 10180 | D:10     | Entered Level 10 of the Dungeon
 10277 | D:10     | Found a staircase to the Orcish Mines.
 10301 | D:10     | Reached skill level 9 in Fighting
 10325 | D:10     | Reached ** piety under Wu Jian
 10944 | D:10     | Found a shimmering altar of Xom.
 10955 | D:10     | Found a shimmering altar of Xom.
 10957 | D:10     | Found a shimmering altar of Xom.
 10958 | D:10     | Found a shimmering altar of Xom.
 11106 | D:10     | Found a staircase to the Lair.
 11258 | D:11     | Noticed a two-headed ogre
 11310 | D:11     | Noticed a boulder beetle
 11323 | D:11     | Killed a boulder beetle
 11324 | D:11     | Reached XP level 11. HP: 86/97 MP: 10/17
 11870 | Lair:1   | Entered Level 1 of the Lair of Beasts
 11930 | Lair:1   | Noticed Gastronok
 11966 | Lair:1   | Killed from afar by Gastronok

Illustrated notes

Levels and vault maps discovered:
D:1:      minmay_arrival_plants_in_alcoves, layout_loops_corners
D:2:      layout_basic
D:3:      layout_rooms, minmay_unequal
D:4:      layout_basic, gammafunk_temple_overflow_pools,
          cheibrodos_sewer_entry_drain, uniq_duvessa, uniq_robin, uniq_eustachio
D:5:      minmay_evil_eye, layout_basic, ebering_ghost_sewer_d
D:6:      layout_gridville, serial_shops, kennysheep_little_box, serial_glass,
          glass_columns_b, glass_columns_a
D:7:      layout_basic, mainiacjoe_overflow_surrounded_room,
          minmay_temple_entry_offerings
D:8:      layout_loops_ring, mainiacjoe_overflow_boulevard,
          ebering_ghost_funeral_grove, nicolae_diode_stairs, uniq_psyche
D:9:      layout_rooms, minmay_puff
D:10:     layout_long_grid, xom_redecorated, grunt_lair_entry_orc_guard_hut,
          minmay_orc_entry_temple_small, kennysheep_cluttered_room
D:11:     layout_loops_ring
Temple:   hellmonk_temple_divided_pantheon
Lair:1:   layout_roguey, serial_rivers, chequers_serial_rivers_micro_e,
          chequers_serial_rivers_small_b, chequers_serial_rivers_micro_a,
          chequers_serial_rivers_micro_c, basic_altar, grunt_megastairs_3,
          uniq_gastronok

Skill      XL: |  1  2  3  4  5  6  7  8  9 10 |
---------------+-------------------------------+-----
Fighting       | 1 2 3 6 7 9 |  9.7
Unarmed Combat | 1 2 3 5 7 8 |  8.8
Air Magic      | 2 3 |  3.0
Conjurations   | 1 2 3 |  3.0
Spellcasting   | 3 4 |  4.0
Poison Magic   | 4 5 6 7 |  7.0
Dodging        | 2 4 5 7 |  7.7
Transmutations | 4 |  4.0
Stealth        | |  1.7

Action                     |  1- 3 |  4- 6 |  7- 9 | 10-12 || total
---------------------------+-------+-------+-------+-------++-------
  Melee: Unarmed           |    51 |   100 |   253 |   232 ||   636
         Tailslap          |     2 |    12 |    62 |    53 ||   129
         Punch             |     1 |     2 |    12 |    13 ||    28
         Kick              |       |       |    35 |    24 ||    59
         Headbutt          |       |       |    24 |    22 ||    46
   Cast: Sting             |    49 |    33 |    49 |     3 ||   134
         Poisonous Vapours |     3 |    35 |    47 |    10 ||    95
         Mephitic Cloud    |       |     8 |    19 |    13 ||    40
         Olgreb's Toxic Ra |       |     2 |     7 |     9 ||    18
         Beastly Appendage |       |       |    13 |     6 ||    19
         Wereblood         |       |       |     4 |     7 ||    11
         Swiftness         |       |       |     1 |       ||     1
Ability: Breathe Noxious F |       |       |    21 |    20 ||    41
         Lunge             |       |       |    14 |    27 ||    41
         Whirlwind         |       |       |       |     6 ||     6
         Wall Jump         |       |       |       |     1 ||     1
    Use: Scroll            |     2 |     6 |     1 |     6 ||    15
         Potion            |       |     2 |       |       ||     2
   Stab: Sleeping          |       |     1 |       |       ||     1
         Confused          |       |     1 |    11 |    19 ||    31
         Invisible         |       |     1 |       |       ||     1
 Armour: Skin              |    15 |    19 |    36 |    48 ||   118
  Dodge: Dodged            |    35 |    69 |   139 |   122 ||   365

Table legend: (Time is in decaauts)
 A = Elapsed time spent in this place.
 B = Non-inter-level travel time spent in this place.
 C = Inter-level travel time spent in this place.
 D = Time resting spent in this place.
 E = Time spent auto-exploring this place.
 F = Levels seen in this place.
 G = Mean time per level.
                   A        B        C        D        E       F      G
               +--------+--------+--------+--------+--------+-----+--------+
         Total |  11914 |  11491 |    423 |    335 |   8866 |  14 |  851.0 |
       Dungeon |  11419 |  11005 |    414 |    242 |   8753 |  11 | 1038.1 |
        Temple |    161 |    152 |      9 |      0 |     72 |   1 |  161.0 |
          Lair |     93 |     93 |      0 |     14 |     41 |   1 |   93.0 |
         Sewer |    240 |    240 |      0 |     79 |      0 |   1 |  240.0 |
               +--------+--------+--------+--------+--------+-----+--------+

Top non-repeatable levels by time:
     D:4: 1619 daAuts
     D:5: 1535 daAuts
     D:3: 1033 daAuts
    D:10: 1006 daAuts
     D:1: 997 daAuts
     D:7: 963 daAuts
     D:2: 962 daAuts
     D:6: 910 daAuts
     D:8: 888 daAuts
     D:9: 833 daAuts
    D:11: 668 daAuts
   Sewer: 240 daAuts
  Temple: 161 daAuts
  Lair:1: 93 daAuts
